AoeStats
← So sad

Hill Fort

505504970Analyzed
3v3 RM · 23d ago on Sep 9, 2026· 57m 1s· 6 players
Game mode
Random Map
Map size
Normal (6 player)
Population
200
Speed
Normal
Resources
Standard
Victory
Conquest
Starting age
Dark Age
Ending age
Imperial Age
RankedLock teamsTeams togetherTeam positionsShared explorationLock speedFull tech treeHidden civsTurbo modeCheats
Victory
Defeat
🇨🇿 Mongols · Czechia
1337
+16
🇩🇪 Lithuanians · Germany
1288
+18
🇪🇸 Burgundians · Spain
1242
+21
🇺🇦 Vietnamese · Ukraine
1352
-19
🇧🇾 Khitans · Belarus
1342
-18
🇧🇾 Saracens · Belarus
1332
-18
[Tav]AirShogun
11:24 Feudal Age
16:23 Castle Age
17:30 Double-Bit Axe
25:06 Loom
27:56 Bloodlines
30:05 Wheelbarrow
29:55 Town Watch
33:43 Imperial Age
32:28 Hand Cart
32:21 Scale Barding Armor
32:27 Forging
32:40 Husbandry
33:38 Hill Forts
34:00 Bow Saw
33:32 Horse Collar
33:50 Cavalier
35:28 Chain Barding Armor
35:51 Iron Casting
36:40 Conscription
36:57 Gold Mining
40:22 Plate Barding Armor
42:13 Paladin
42:26 Light Cavalry
43:30 Town Patrol
44:08 Winged Hussar
45:27 Padded Archer Armor
47:02 Chemistry
46:23 Ballistics
48:44 Leather Archer Armor
50:33 Ring Archer Armor
52:30 Fortified Wall
52:16 Murder Holes
53:45 Fletching
53:56 Scale Mail Armor
55:17 Caravan
fall
11:42 Feudal Age
16:33 Castle Age
14:56 Double-Bit Axe
16:13 Horse Collar
17:28 Wheelbarrow
17:48 Bow Saw
18:05 Fletching
18:18 Loom
18:19 Town Watch
19:05 Bodkin Arrow
21:19 Padded Archer Armor
25:14 Leather Archer Armor
27:24 Heavy Plow
33:56 Ballistics
33:55 Hand Cart
38:03 Thumb Ring
40:50 Imperial Age
39:21 Caravan
39:51 Coinage
40:52 Scale Barding Armor
40:58 Forging
40:56 Elite Mangudai
41:10 Capped Ram
41:42 Light Cavalry
42:33 Bloodlines
42:25 Husbandry
42:31 Bracer
43:12 Chain Barding Armor
44:24 Iron Casting
45:17 Stone Mining
45:18 Gold Mining
46:31 Blast Furnace
45:16 Hussar
46:07 Siege Ram
47:42 Conscription
47:44 Drill
Provenza
6:05 Double-Bit Axe
11:23 Feudal Age
10:09 Horse Collar
11:28 Gold Mining
15:51 Bow Saw
15:41 Heavy Plow
18:46 Castle Age
17:32 Loom
21:03 Fletching
22:41 Town Watch
31:41 Wheelbarrow
34:23 Scale Barding Armor
33:44 Cavalier
34:44 Husbandry
34:45 Scale Mail Armor
34:53 Scale Barding Armor
35:01 Stone Mining
36:28 Gold Shaft Mining
37:23 Chain Barding Armor
41:54 Bodkin Arrow
48:31 Imperial Age
49:49 Plate Barding Armor
50:47 Bracer
50:47 Padded Archer Armor
51:09 Forging
51:15 Hand Cart
50:49 Elite Skirmisher
52:48 Coinage
52:25 Caravan
53:52 Leather Archer Armor
53:58 Paladin
So sad
8:47 Loom
10:52 Feudal Age
19:07 Castle Age
17:12 Double-Bit Axe
18:09 Fletching
18:47 Gold Mining
19:51 Scale Barding Armor
19:57 Town Watch
20:35 Forging
22:22 Domestication
26:28 Bow Saw
27:00 Elite Skirmisher
28:36 Thumb Ring
28:36 Padded Archer Armor
28:36 Scale Mail Armor
30:24 Leather Archer Armor
36:17 Imperial Age
34:37 Ballistics
34:27 Bodkin Arrow
35:33 Wheelbarrow
37:34 Ring Archer Armor
37:04 Bracer
36:29 Imperial Skirmisher
38:04 Masonry
38:25 Pastoralism
39:26 Two-Man Saw
37:53 Imperial Skirmisher
39:16 Conscription
39:25 Scale Mail Armor
40:41 Chemistry
39:17 Imperial Skirmisher
40:12 Murder Holes
43:10 Chain Mail Armor
43:22 Hand Cart
44:03 Squires
52:58 Stone Mining
53:59 Town Patrol
54:18 Light Cavalry
54:59 Husbandry
55:53 Pikeman
NiL
8:02 Loom
10:22 Feudal Age
11:33 Double-Bit Axe
13:33 Fletching
24:50 Castle Age
24:51 Scale Mail Armor
24:53 Padded Archer Armor
24:55 Crossbowman
25:37 Bodkin Arrow
26:38 Bow Saw
28:54 Wheelbarrow
30:33 Thumb Ring
30:47 Town Watch
32:55 Gold Mining
35:16 Hand Cart
36:12 Leather Archer Armor
37:45 Ballistics
40:05 Imperial Age
39:25 Treadmill Crane
39:40 Murder Holes
41:23 Bracer
42:22 Ring Archer Armor
43:33 Chemistry
43:19 Horse Collar
46:13 Paper Money
47:09 Squires
48:26 Elite Rattan Archer
50:14 Hoardings
52:24 Pikeman
54:22 Halberdier
56:16 Scale Mail Armor
56:26 Forging
56:11 Elite Skirmisher
HURMA
10:26 Feudal Age
9:24 Loom
11:27 Double-Bit Axe
13:17 Wheelbarrow
14:51 Gold Mining
18:26 Castle Age
18:19 Fletching
19:23 Bow Saw
23:43 Crossbowman
24:47 Bodkin Arrow
26:34 Padded Archer Armor
28:11 Ballistics
27:35 Horse Collar
28:09 Elite Skirmisher
31:08 Heavy Plow
33:20 Forging
37:11 Imperial Age
34:57 Hand Cart
34:28 Town Watch
34:52 Scale Barding Armor
35:51 Iron Casting
36:34 Gold Shaft Mining
35:49 Stone Mining
37:24 Chain Barding Armor
37:22 Bloodlines
37:12 Husbandry
37:20 Elite Mameluke
38:23 Conscription
37:24 Elite Mameluke
39:24 Blast Furnace
39:43 Two-Man Saw
39:29 Masonry
40:08 Stone Mining
40:12 Treadmill Crane
42:17 Padded Archer Armor
42:55 Plate Barding Armor
43:07 Heavy Camel Rider
43:51 Bracer
45:01 Bimaristan
46:30 Siege Engineers
48:01 Chemistry
47:05 Padded Archer Armor
50:10 Leather Archer Armor
49:55 Scale Mail Armor
51:08 Coinage
50:40 Caravan
54:31 Light Cavalry
Connection lost

Rejoining the realm…

Still unreachable

The connection could not be restored.

Session expired

The server has moved on; the page needs a fresh start.